 Dungeon Crawl Stone Soup version 0.25-a0-834-g55863b0b92 (webtiles) character file.

Game seed: 1726023389117959296, levelgen mode: deterministic

86 Esekla the Ducker (level 4, 0/24 HPs)
             Began as a Tengu Venom Mage on Apr 22, 2020.
             Slain by Grinder (1 damage)
             ... on level 3 of the Dungeon.
             The game lasted 00:18:07 (2763 turns).

Esekla the Ducker (Tengu Venom Mage)                Turns: 2763, Time: 00:18:08

Health: 0/24       AC:  3    Str:  8    XL:     4   Next: 50%
Magic:  8/9        EV: 12    Int: 17    God:
Gold:   86         SH:  0    Dex: 14    Spells: 2/8 levels left

rFire    . . .     SeeInvis .   f - +0 short sword
rCold    . . .     Gourm    .   (no shield)
rNeg     . . .     Faith    .   k - +0 leather armour
rPois    .         Spirit   .   (helmet restricted)
rElec    .         Reflect  .   (no cloak)
rCorr    .         Harm     .   (no gloves)
MR       .....                  (boots unavailable)
Stlth    ++........             (no amulet)
HPRegen  0.08/turn              (no ring)
MPRegen  0.11/turn              (no ring)

@: no status effects
A: beak, talons 3
a: no special abilities


You were on level 3 of the Dungeon.
You were hungry.

You visited 1 branch of the dungeon, and saw 3 of its levels.

You collected 86 gold pieces.

Inventory:

Hand Weapons
 f - a +0 short sword (weapon)
 i - a +0 rapier
Missiles
 d - 30 poisoned darts
 u - 3 boomerangs (quivered)
Armour
 k - a +0 leather armour (worn)
Jewellery
 r - a +3 ring of protection {unknown}
Scrolls
 a - 3 scrolls of teleportation {unknown}
 b - 2 scrolls of fear {unknown}
 h - 2 scrolls of amnesia {unknown}
 j - 3 scrolls of remove curse {unknown}
 o - 2 scrolls of magic mapping {unknown}
 q - a scroll of identify {unknown}
Potions
 e - a potion of might {unknown}
 g - a potion of resistance {unknown}
 l - 2 potions of cancellation {unknown}
 m - a potion of mutation {unknown}
 n - a potion of heal wounds {unknown}
 p - a potion of lignification {unknown}
 s - a potion of curing {unknown}
Comestibles
 c - 10 rations
 t - a chunk of flesh


   Skills:
 + Level 0.4 Fighting
 + Level 0.5 Short Blades
 * Level 2.1 Armour
 * Level 3.1 Dodging
 - Level 2.0 Stealth
 * Level 2.8 Spellcasting
 - Level 0.7 Transmutations
 * Level 1.3 Air Magic
 - Level 3.0 Poison Magic


You had 2 spell levels left.
You knew the following spells:

 Your Spells              Type           Power        Failure   Level  Hunger
a - Sting                 Tmut/Pois      #...         12%         1    #......
c - Mephitic Cloud        Conj/Pois/Air  #.......     38%         3    ###....
v - Poisonous Vapours     Pois/Air       #.....       16%         2    ##.....

Your spell library contained the following spells:

 Spells                   Type           Power        Failure   Level  Hunger
 Ignite Poison            Fire/Tmut/Pois #.......     41%         3    ###....
 Olgreb's Toxic Radiance  Pois           ##......     58%         4    #####..


Dungeon Overview and Level Annotations

Branches:
Dungeon (3/15)

Altars:
Fedhas

Annotations:
D:2 exclusion: oklob plant
D:3 Grinder


Innate Abilities, Weirdness & Mutations

You have a beak for a mouth.
You have claws for feet.


Message History

Grinder is lightly wounded.
Grinder gestures at you.
You barely resist. Grinder hits you but does no damage. Grinder hits you!
You writhe in agony.
* * * LOW HITPOINT WARNING * * *
You see here a quokka skeleton.
You see here a rat corpse.
You closely miss Grinder. Your kick misses Grinder.
Grinder is lightly wounded.
Grinder hits you.
* * * LOW HITPOINT WARNING * * *
You writhe in agony.
* * * LOW HITPOINT WARNING * * *
You hit Grinder.
Grinder is lightly wounded.
Grinder hits you.
* * * LOW HITPOINT WARNING * * *
You writhe in agony.
You die...

####. ....#####.#
#....####...# #.#
##+#.........# #.#
#............# #.#
#........)..<## #.#
#.......####..# #.#####
#.......#####.# #.#...
#..........##)####.#.###...
##.####.##.##.>.@5.........
# #####.#######...##....
#..........(..........
#.###.#####......#... #.
#.#####..........# #.
#...........#.#### #.
##.....[.#....#
#.####.###.###.####
#..†.........#.##


You could see Grinder.

Vanquished Creatures
  2 adders
  A worm (D:2)
  4 dart slugs
  2 giant cockroaches
  7 hobgoblins
  6 jackals
  2 quokkas
  2 ball pythons (D:1)
  4 bats
  4 goblins
  11 kobolds
  9 rats
54 creatures vanquished.

Notes
Turn   | Place    | Note
-------+----------+-------------------------------------------
     0 | D:1      | Esekla the Tengu Venom Mage began the quest for the Orb.
     0 | D:1      | Reached XP level 1. HP: 10/10 MP: 4/4
   435 | D:1      | Reached XP level 2. HP: 13/15 MP: 1/6
   442 | D:1      | Learned a level 2 spell: Poisonous Vapours
   580 | D:1      | Reached skill level 1 in Armour
   998 | D:2      | Reached XP level 3. HP: 20/20 MP: 0/7
  1003 | D:2      | Learned a level 3 spell: Mephitic Cloud
  1110 | D:2      | Reached skill level 1 in Air Magic
  1862 | D:1      | Reached XP level 4. HP: 24/24 MP: 6/9
  2005 | D:2      | Found a blossoming altar of Fedhas.
  2005 | D:2      | Noticed an oklob plant
  2188 | D:2      | Found a blossoming altar of Fedhas.
  2741 | D:3      | Noticed Grinder
  2749 | D:3      | Paralysed by Grinder for 4 turns
  2763 | D:3      | HP: 1/24 [Grinder (2)]
  2763 | D:3      | Slain by Grinder

Levels and vault maps discovered:
D:1:      lemuel_arrival_hallway, layout_basic, minmay_tripent
D:2:      layout_loops_cross, old_standard_altar, tgw_fedhas
D:3:      layout_basic, uniq_ijyb, uniq_terence, uniq_grinder

Skill      XL: |  1  2  3  4 |
---------------+-------------+-----
Armour         | 1 2 |  2.1
Air Magic      | 1 |  1.3
Dodging        | 3 |  3.1
Fighting       | |  0.4
Short Blades   | |  0.5
Stealth        | |  2.0
Spellcasting   | |  2.8
Transmutations | |  0.7
Poison Magic   | |  3.0

Action                   |  1- 3 |  4- 6 || total
-------------------------+-------+-------++-------
Melee: Short sword       |    53 |    25 ||    78
       Dagger            |     2 |       ||     2
       Kick              |    10 |     4 ||    14
       Peck              |     2 |     1 ||     3
 Cast: Sting             |     8 |       ||     8
       Poisonous Vapours |    27 |    15 ||    42
       Mephitic Cloud    |       |     1 ||     1
 Stab: Sleeping          |     3 |     1 ||     4
  Eat: Chunk             |     1 |     4 ||     5
       Ration            |     1 |       ||     1
Armor: Robe              |    14 |       ||    14
       Leather armour    |     4 |    15 ||    19
Dodge: Dodged            |    47 |    16 ||    63

Table legend:
 A = Non-vault XP
 B = Vault XP
 C = Vault XP percentage of total XP
 D = Non-vault monster count
 E = Vault monster count
 F = Vault count percentage of total count
                 A         B        C        D         E       F
            +---------+---------+-------+---------+---------+-------
      Total |     123 |       1 |   0.8 |      53 |       1 |   1.9
            +---------+---------+-------+---------+---------+-------
        D:1 |      46 |       1 |   2.1 |      27 |       1 |   3.6
        D:2 |      54 |       0 |   0.0 |      19 |       0 |   0.0
        D:3 |      23 |       0 |   0.0 |       7 |       0 |   0.0
            +---------+---------+-------+---------+---------+-------
